 Dungeon Crawl Stone Soup version 0.30-a0-358-g0d69a1922f (webtiles) character file.

Game seed: 15887561644911602195

337 snetch the Magician (level 6, -1/41 HPs)
             Began as a Djinni Fire Elementalist on Nov 8, 2022.
             Was a Believer of Makhleb.
             Killed by their own static electricity (3 damage)
             ... on level 4 of the Dungeon.
             The game lasted 00:17:30 (3169 turns).

snetch the Magician (Djinni Fire Elementalist)      Turns: 3169, Time: 00:17:34

Health: -1/41      AC:  8    Str:  7    XL:     6   Next: 85%
Gold:   182        EV: 10    Int: 19    God:    Makhleb [**....] SH:  0 Dex: 13

rFire   + + .      SeeInvis .    b - +1 dagger (venom)
rCold   x . .      Faith    .    (no shield)
rNeg    . . .      Spirit   .    u - +1 ring mail {Will+}
rPois   ∞          Reflect  .    l - +0 helmet
rElec   .          Harm     .    n - +0 cloak
rCorr   .          Rampage  .    (no gloves)
Will    +....                    (boots unavailable)
Stlth   +.........               (no amulet)
HPRegen 0.26/turn                (no ring)
MPRegen 0.00/turn                (no ring)

@: brilliant, flying, very slightly contaminated
A: sickness immunity, fire resistance 2, cold vulnerability 1, float, innate
caster, HP casting, extra vitality 1
a: Renounce Religion, Minor Destruction


You were on level 4 of the Dungeon.
You worshipped Makhleb.
Makhleb was pleased with you.
You visited 1 branch of the dungeon, and saw 4 of its levels.

You collected 182 gold pieces.

Inventory:

Hand Weapons
 a - a +2 dagger of speed
 b - a +1 dagger of venom (weapon)
 q - a +3 whip
Missiles
 d - 6 poisoned darts
 e - 49 stones
Armour
 f - a +0 scale mail
 l - a +0 helmet (worn)
 n - a +0 cloak (worn)
 u - a +1 ring mail of willpower (worn)
Wands
 m - a wand of polymorph (6)
Scrolls
 c - 5 scrolls of identify {unknown}
 p - a scroll of blinking {unknown}
 r - a scroll of poison {unknown}
 t - 2 scrolls of teleportation {unknown}
Potions
 g - a potion of brilliance
 h - a potion of heal wounds {unknown}
 i - a potion of curing {unknown}
 j - a potion of resistance {unknown}
 k - a potion of mutation {unknown}
 o - a potion of ambrosia {unknown}
 s - a potion of attraction {unknown}


   Skills:
 + Level 0.3 Fighting
 + Level 1.3 Short Blades
 + Level 1.3 Armour
 + Level 3.1 Dodging
 + Level 2.3 Stealth
 + Level 0.8 Unarmed Combat
 + Level 4.4 Spellcasting


You couldn't memorise any spells.
You knew the following spells:

 Your Spells              Type           Power      Damage    Failure   Level
a - Foxfire               Conj/Fire      100%       2x1d9     7%          1
b - Scorch                Fire           62%        2d8       11%         2
c - Kindle Blastsparks    Fire/Tloc/Air  62%        2d15      22%         3
d - Inner Flame           Hex/Fire       31%        N/A       22%         3
e - Flame Wave            Conj/Fire      31%        2d9       56%         4
f - Beastly Appendage     Tmut           62%        N/A       7%          1
g - Static Discharge      Conj/Air       62%        2-5/arc   11%         2
Your spell library was empty.

Dungeon Overview and Level Annotations

Branches:
Dungeon (4/15)
 Temple: D:4-7

Altars:
Makhleb
The Shining One

Shops:
D:4 :

Annotations:
D:4 Pikel


Innate Abilities, Weirdness & Mutations

You are immune to sickness and miasma.
You are immune to poison.
Your flesh is very heat resistant. (rF++)
You are vulnerable to cold. (rC-)
You float through the air rather than walking.
You learn spells naturally, not from books.
Your magical power is your life essence.
You have superior vitality. (+4 MHP)


Message History

Casting: Scorch (safe; 11% risk of failure)
Confirm with . or Enter, or press ? or * to list all spells.
Flames lash the lemure.
The lemure is burned terribly!
You kill the lemure!
That felt strangely unrewarding.
A lemure comes into view.
Casting: Scorch (safe; 11% risk of failure)
Confirm with . or Enter, or press ? or * to list all spells.
Flames lash Pikel.
Pikel is lightly wounded.
Pikel's fire resistance burns away.
A jelly comes into view.
Casting: Scorch (safe; 11% risk of failure)
Confirm with . or Enter, or press ? or * to list all spells.
You miscast Scorch.
You are very lightly contaminated with residual magic.
Nothing appears to happen.
A lemure comes into view.
Pikel hits you with a +1 whip of freezing.
Pikel freezes you. Pikel attacks as you move away!
Pikel hits you with a +1 whip of freezing!
* * * LOW HITPOINT WARNING * * *
Pikel freezes you.
* * * LOW HITPOINT WARNING * * *
Pikel is no longer more vulnerable to fire.
Okay, then.
It was a potion of brilliance.
You feel clever all of a sudden. Pikel hits you but does no damage.
Casting: Scorch (safe; 11% risk of failure)
Confirm with . or Enter, or press ? or * to list all spells.
Okay, then.
Casting: Scorch (safe; 11% risk of failure)
Confirm with . or Enter, or press ? or * to list all spells.
You feel a surge of power!
The jelly is struck by an arc of lightning.
The jelly is moderately wounded.
You are struck by an arc of lightning.
You die...

### #.. #5# #.#. #.#
#.#.##+
#.#####....[. #
######5#.......... .
#..@K.5........... .
#.##J..##.........#.
##.##...# .........
######..##...#
.......<.
#..<....##...#
....#....
#....^..##...# #
#......
#.......##...#
#.###)#
#.......###∩##
#....[[
#.......#####
#######†.


You could see Pikel, 2 lemures and a jelly.

Vanquished Creatures
  An ogre (D:4)
  A lemure (D:4)
  An orc priest (D:2)
  An orc wizard (D:3)
  Robin (D:2)
  6 adders
  4 dart slugs
  11 orcs
  10 ball pythons
  10 endoplasms
  15 hobgoblins
  7 jackals (D:1)
  3 quokkas
  6 bats
  3 frilled lizards (D:1)
  15 goblins
  8 kobolds
  7 rats
110 creatures vanquished.

Vanquished Creatures (others)
  211 foxfires
211 creatures vanquished.

Grand Total: 321 creatures vanquished

Notes
Turn   | Place    | Note
-------+----------+-------------------------------------------
     0 | D:1      | snetch the Djinni Fire Elementalist began the quest for the
                  | Orb.
     0 | D:1      | snetch set off with the following spells memorised:
                  | Foxfire, Scorch, Kindle Blastsparks, Inner Flame, Flame
                  | Wave.
     0 | D:1      | Reached XP level 1. HP: 15/15 MP: 0/0
    32 | D:2      | Noticed Robin
    34 | D:2      | Reached XP level 2. HP: 14/21 MP: 0/0
   143 | D:1      | Reached skill level 3 in Spellcasting
   148 | D:1      | Reached XP level 3. HP: 10/25 MP: 0/0
   148 | D:1      | Learned a level 1 spell: Beastly Appendage
  1123 | D:2      | Reached XP level 4. HP: 31/31 MP: 0/0
  1264 | D:2      | Found a faded altar of an unknown god.
  1305 | D:2      | Prayed at the altar of an unknown god.
  1305 | D:2      | Became a worshipper of Makhleb the Destroyer
  1305 | D:2      | Reached * piety under Makhleb
  1434 | D:2      | Reached XP level 5. HP: 33/35 MP: 0/0
  1434 | D:2      | Learned a level 2 spell: Static Discharge
  1440 | D:2      | Killed Robin
  2019 | D:2      | Reached ** piety under Makhleb
  2298 | D:3      | Reached skill level 4 in Spellcasting
  2444 | D:3      | Reached XP level 6. HP: 39/40 MP: 0/0
  2499 | D:4      | Noticed an ogre
  2505 | D:4      | Killed an ogre
  2506 | D:4      | Reached skill level 1 in Short Blades
  2506 | D:4      | Reached skill level 1 in Armour
  2669 | D:3      | Found a glowing golden altar of the Shining One.
  3148 | D:4      | Found Laatsag's Tremendous Tomes.
  3160 | D:4      | Noticed Pikel
  3169 | D:4      | Killed from afar by themself

Illustrated notes

Levels and vault maps discovered:
D:1:      minmay_arrival_open_corners, layout_basic, dreamdust_princess_bridge
D:2:      minmay_angry_zag, layout_loops_ring, nicolae_ecumenical_lake_church,
          uniq_robin
D:3:      layout_basic, nicolae_tso_swordbearing_angel
D:4:      layout_basic, ebering_ghost_rock_garden,
          nicolae_shop_i_like_big_books, hangedman_minor_gate_pass, uniq_pikel

Skill      XL: |  1  2  3  4  5  6 |
---------------+-------------------+-----
Spellcasting   | 3 4 |  4.4
Stealth        | 2 |  2.3
Dodging        | 3 |  3.1
Short Blades   | 1 |  1.3
Armour         | 1 |  1.3
Fighting       | |  0.3
Unarmed Combat | |  0.8

Action                   |  1- 3 |  4- 6 || total
-------------------------+-------+-------++-------
Melee: Unarmed           |     1 |       ||     1
       Dagger            |    25 |    53 ||    78
       Punch             |     1 |       ||     1
       Headbutt          |       |     8 ||     8
 Cast: Foxfire           |    56 |    66 ||   122
       Scorch            |     1 |    25 ||    26
       Beastly Appendage |       |     5 ||     5
       Static Discharge  |       |     4 ||     4
Invok: Minor Destruction |       |     5 ||     5
  Use: Potion            |       |     1 ||     1
 Stab: Sleeping          |     2 |     3 ||     5
Armor: Robe              |     5 |     3 ||     8
       Leather armour    |       |    10 ||    10
       Ring mail         |       |     7 ||     7
Dodge: Dodged            |    31 |    41 ||    72

Table legend: (Time is in decaauts)
 A = Elapsed time spent in this place.
 B = Non-inter-level travel time spent in this place.
 C = Inter-level travel time spent in this place.
 D = Time resting spent in this place.
 E = Time spent auto-exploring this place.
 F = Levels seen in this place.
 G = Mean time per level.
                   A        B        C        D        E       F      G
               +--------+--------+--------+--------+--------+-----+--------+
         Total |   3165 |   3037 |    128 |     53 |   2091 |   4 |  791.2 |
       Dungeon |   3165 |   3037 |    128 |     53 |   2091 |   4 |  791.2 |
               +--------+--------+--------+--------+--------+-----+--------+

Top non-repeatable levels by time:
     D:1: 1235 daAuts
     D:2: 1013 daAuts
     D:3: 820 daAuts
     D:4: 96 daAuts
